 Dungeon Crawl Stone Soup version 0.30-a0-743-gbfdf073431 (webtiles) character file.

Game seed: 12083038342689663684

16395 NinjaNoafa the Nimble (level 12, -1/56 HPs)
             Began as a Felid Summoner on Feb 7, 2023.
             Was an Initiate of Gozag.
             Slain by a vampire mosquito (5 damage)
             ... on level 4 of the Lair of Beasts on Feb 8, 2023.
             The game lasted 01:21:40 (12915 turns).

NinjaNoafa the Nimble (Felid Summoner)             Turns: 12915, Time: 01:21:41

Health: -1/56      AC:  3    Str:  4    XL:     12   Next: 9%
Magic:  2/28       EV: 25    Int: 21    God:    Gozag
Gold:   2335       SH:  5    Dex: 17    Spells: 10/33 levels left
                                        Lives:  0   Deaths: 3

rFire   . . .      SeeInvis +    (weapon unavailable)
rCold   + . .      Faith    .    (shield unavailable)
rNeg    . . .      Spirit   .    (body armour unavailable)
rPois   .          Reflect  +    (helmet unavailable)
rElec   .          Harm     .    (cloak unavailable)
rCorr   .          Rampage  .    (gloves unavailable)
Will    +....                    (boots unavailable)
Stlth   ++                       O - amulet of reflection
HPRegen 0.29/turn                K - ring of wizardry
MPRegen 0.21/turn                L - ring of wizardry

@: quick
A: very small, claws 1, fangs 3, see invisible, speed 1, shaggy fur 3, stealthy
paws, no weapons or thrown items, no armour, multi-lived
a: Renounce Religion, Potion Petition, Call Merchant, Bribe Branch


You were on level 4 of the Lair of Beasts.
You worshipped Gozag.
Gozag was most pleased with you.
You visited 3 branches of the dungeon, and saw 15 of its levels.
You also visited: Bailey.

You collected 3429 gold pieces.
You spent 1000 gold pieces at shops.
You paid 94 gold pieces to Gozag.

Inventory:

Jewellery
 a - the ring "Haacw" {rElec rPois rC- Will+ Str+3}
   (You took it off a gnoll sergeant in a bailey)

   [ring of willpower]

   Str:       It affects your strength (+3).
   rC:        It makes you vulnerable to cold.
   rElec:     It insulates you from electricity.
   rPois:     It protects you from poison.
   Will:      It increases your willpower.
 j - a +6 ring of dexterity
 p - a ring of positive energy
 s - the ring "Beaser" {rF+ rCorr Str+7 Int-2 Dex-3}
   (You found it on level 7 of the Dungeon)

   [ring of protection from fire]

   Str:       It affects your strength (+7).
   Int:       It affects your intelligence (-2).
   Dex:       It affects your dexterity (-3).
   rF:        It protects you from fire.
   rCorr:     It protects you from acid and corrosion.
 y - a +5 ring of evasion
 B - a ring of protection from fire
 E - a ring of willpower
 K - a ring of wizardry (left paw)
 L - a ring of wizardry (right paw)
 N - a ring of flight
 O - an amulet of reflection (around neck)
Wands
 g - a wand of polymorph (5)
 n - a wand of paralysis (12)
 v - a wand of flame (9)
 C - a wand of mindburst (16)
 F - a wand of digging (5)
Scrolls
 b - 4 scrolls of blinking
 d - 6 scrolls of fear
 e - 4 scrolls of fog
 h - 5 scrolls of vulnerability
 k - a scroll of summoning {unknown}
 l - 2 scrolls of magic mapping {unknown}
 m - 2 scrolls of teleportation
 o - 3 scrolls of poison {unknown}
 t - 3 scrolls of enchant weapon {unknown}
 u - a scroll of torment
 w - 2 scrolls of amnesia {unknown}
 D - 4 scrolls of immolation {unknown}
Potions
 c - 5 potions of curing
 f - 2 potions of might
 i - a potion of cancellation
 q - 3 potions of lignification
 r - a potion of ambrosia {unknown}
 x - 2 potions of flight {unknown}
 z - 2 potions of degeneration {unknown}
 A - 3 potions of heal wounds
 G - 2 potions of invisibility {unknown}
 H - a potion of resistance {unknown}
 I - 3 potions of haste
 J - a potion of mutation {unknown}
 M - a potion of attraction {unknown}


   Skills:
 + Level 8.8 Fighting
 + Level 11.7 Dodging
 - Level 2.6 Stealth
 + Level 11.2 Spellcasting
 - Level 10.0 Hexes
 - Level 10.0 Summonings
 - Level 3.0 Transmutations
 - Level 7.0 Air Magic
 - Level 3.0 Earth Magic
 - Level 5.0 Evocations


You had 10 spell levels left.
You knew the following spells:

 Your Spells              Type           Power      Damage    Failure   Level
a - Summon Small Mammal   Summ           100%       N/A       1%          1
b - Call Imp              Summ           52%        N/A       1%          2
c - Call Canine Familiar  Summ           52%        N/A       1%          3
d - Summon Guardian Gole  Hex/Summ       52%        N/A       1%          3
e - Summon Lightning Spi  Summ/Air       47%        N/A       1%          4
f - Passwall              Tmut/Erth      20%        N/A       1%          2
g - Summon Mana Viper     Hex/Summ       52%        N/A       1%          5
h - Mephitic Cloud        Conj/Pois/Air  21%        N/A       1%          3

Your spell library contained the following spells:

 Spells                   Type           Power      Damage    Failure   Level
 Freeze                   Ice            44%        1d6       1%          1
 Kiss of Death            Conj/Necr      44%        2d8       1%          1
 Magic Dart               Conj           44%        1d5       1%          1
 Sandblast                Erth           48%        2d12      1%          1
 Cigotuvi's Dreadful Rot  Necr/Pois/Air  42%        N/A       1%          2
 Ensorcelled Hibernation  Hex/Ice        64%        N/A       1%          2
 Poisonous Vapours        Pois/Air       52%        N/A       1%          2
 Wereblood                Tmut           24%        N/A       1%          2
 Confusing Touch          Hex            52%        N/A       1%          3
 Swiftness                Air            41%        N/A       1%          3
 Airstrike                Air            20%        2d(3-19)  1%          4
 Lesser Beckoning         Tloc           22%        N/A       2%          2
 Searing Ray              Conj           22%        2d5       2%          2
 Sublimation of Blood     Necr           11%        N/A       2%          2
 Stone Arrow              Conj/Erth      36%        3d9       2%          3
 Fulminant Prism          Conj/Hex       16%        3d10      2%          4
 Summon Ice Beast         Ice/Summ       32%        N/A       2%          4
 Frozen Ramparts          Ice            22%        1d4       4%          3
 Gell's Gravitas          Tloc           11%        N/A       4%          3
 Hailstorm                Conj/Ice       11%        3d5       4%          3
 Teleport Other           Tloc           11%        N/A       4%          3
 Lightning Bolt           Conj/Air       13%        1d26      11%         5
 Dispel Undead            Necr           11%        3d9       16%         4
 Monstrous Menagerie      Summ           26%        N/A       21%         7
 Summon Hydra             Summ           26%        N/A       21%         7
 Spellforged Servitor     Conj/Summ      16%        N/A       80%         7
 Orb of Destruction       Conj           5%         9d5       100%        7
 Lehudib's Crystal Spear  Conj/Erth      9%         10d4      100%        8
 Animate Armour           Summ/Erth      Unusable   N/A       N/A         4

Dungeon Overview and Level Annotations

Branches:
Dungeon (9/15)             Temple (1/1) D:4            Lair (5/5) D:8
  Swamp (0/4) Lair:2       Spider (0/4) Lair:3       Bailey (visited)
  Slime: Lair:4-5       Orc: D:9-12

Altars:
Ashenzari
Cheibriados
Gozag
Hepliaklqana
Kikubaaqudgha
Makhleb
Nemelex Xobeh
Okawaru
Qazlal
Ru
Trog
Uskayaw
Vehumet
Wu Jian
Xom
Yredelemnul
Zin
The Shining One

Shops:
D:1 (=:[   D:3 (   D:7 (


Innate Abilities, Weirdness & Mutations

You have sharp claws.
You have razor-sharp teeth.
You have supernaturally acute eyesight. (SInv)
You cover ground quickly. (Speed+)
Your thick and shaggy fur keeps you warm. (AC +3, rC+)
Your paws help you pounce on unaware monsters.
You are incapable of wielding weapons or throwing items.
You cannot wear armour.
You gain extra lives every three experience levels.


Message History

The death yak bellows!
The yak bellows!
The bullfrog barely misses you. The bullfrog completely misses you.
The bullfrog attacks as you move away! The bullfrog misses you.
The elephant trumpets!
You hear a loud, deep croak!
Okay, then.
The bullfrog attacks as you move away! The bullfrog completely misses you.
The blink frog croaks.
A vampire mosquito comes into view.
You block the bullfrog's attack.
Okay, then.
A vampire mosquito comes into view.
The bullfrog hits you.
* * * LOW HITPOINT WARNING * * *
A bullfrog comes into view.
Blink to where?
Press: ? - help, Dir - move target A cane toad comes into view.
As you read the scroll of blinking, it crumbles to dust.
The vampire mosquito buzzes angrily.
The bullfrog croaks.
The bullfrog snags a nearby centipede with its tongue.
The vampire mosquito buzzes angrily.
You hear an angry buzzing noise.
Unknown command.
The vampire mosquito completely misses you.
You block the vampire mosquito's attack.
You climb upwards.
There is a stone staircase leading down here.
The vampire mosquito bites you.
* * * LOW HITPOINT WARNING * * *
The vampire mosquito draws strength from your injuries!
Casting: Summon Lightning Spire (dangerous; 1% risk of failure)
Confirm with . or Enter, or press ? or * to list all spells.
A mana viper appears with a sibilant hiss.
The vampire mosquito bites you!
* * * LOW HITPOINT WARNING * * *
The vampire mosquito draws strength from your injuries!
The vampire mosquito completely misses you.
The vampire mosquito bites you.
You die...
Your body crumbles into a pile of gold.

#### #### ###### #[P#########...
##..#.## ### ##......>.......
#....#.# #.# ##...............
......######.####.<..............
.......#.#.......................
................Sy...............
........#P......@................
........###......................
........# ##.....................
........♣##.##.♣.......♣♣♣.......
.....♣♣♣♣..♣.♣♣#..♣♣♣♣.♣.♣♣♣♣....
....♣♣♣♣♣♣♣♣♣♣ #♣♣♣ ♣♣♣♣.♣ ♣....
...♣♣♣♣.♣♣♣.♣♣♣ ♣♣♣♣.♣.♣♣♣...
...♣♣..♣.♣.♣♣[♣ ♣.♣.♣.♣♣ ♣...
...♣♣.♣♣♣.P♣..♣ ♣♣.♣.♣### #...


You could see a vampire mosquito (ally target) and a friendly mana viper
(summoned).

Vanquished Creatures
  A wyvern (Lair:2)
  A giant cockroach (D:1)
  A goblin (D:4)
  A frilled lizard (D:1)
4 creatures vanquished.

Vanquished Creatures (collateral kills)
  Harold (D:9)
  2 hydras
  A catoblepas (Lair:4)
  2 death yaks (Lair:3)
  6 elephants (Lair:3)
  A slime creature (D:9)
  4 black mambas
  5 cane toads
  A rime drake (Lair:2)
  3 komodo dragons
  A polar bear (Lair:3)
  A hornet (D:8)
  15 blink frogs
  A dream sheep (Lair:4)
  25 yaks
  3 basilisks
  A wyvern (Lair:5)
  2 steam dragons
  Duvessa (D:6)
  11 water moccasins
  A nameless horror (Bailey)
  A black bear (Lair:3)
  2 sky beasts (D:7)
  15 wolves
  2 centaurs
  3 phantoms
  3 kobold brigands
  8 gnoll sergeants (Bailey)
  A necrophage (D:6)
  9 bullfrogs
  A scorpion (D:6)
  A wight (D:8)
  Dowan (D:6)
  3 howler monkeys
  4 hounds
  5 orc priests
  4 gnoll boudas (Bailey)
  5 orc wizards
  An iguana (D:6)
  Robin (D:4)
  4 adders
  11 gnolls (Bailey)
  A shadow imp (D:8)
  3 worms
  A dart slug (D:1)
  25 orcs
  7 endoplasms
  A giant cockroach (D:2)
  9 goblins
  5 hobgoblins
  7 jackals
  5 quokkas
  6 ball pythons
  20 kobolds
  3 rats
266 creatures vanquished.

Vanquished Creatures (others)
  A hydra (Lair:2)
  A two-headed ogre (D:9)
  3 death yaks (Lair:3)
  Pikel (D:7)
  A cyclops (D:8)
  A manticore (D:8)
  Joseph (D:8)
  Maurice (D:9)
  Maggie (D:7)
  A polar bear (Lair:2)
  A troll (D:8)
  Prince Ribbit (D:9)
  A slime creature (D:9)
  10 yaks
  A wyvern (D:9)
  3 water moccasins
  Menkaure (D:4)
  An ice beast (D:6)
  A wolf (Bailey)
  A gnoll sergeant (Bailey)
  A gnoll bouda (Bailey)
  Ijyb (D:4)
  Terence (D:2)
  2 iguanas
  A gnoll (Bailey)
  A hobgoblin (D:4)
  A quokka (D:2)
  19 fungi
  84 plants
144 creatures vanquished.

Grand Total: 414 creatures vanquished

Notes
Turn   | Place    | Note
-------+----------+-------------------------------------------
     0 | D:1      | NinjaNoafa the Felid Summoner began the quest for the Orb.
     0 | D:1      | Reached XP level 1. HP: 7/7 MP: 4/4
    34 | D:1      | Found Qitiroif's Book Shop.
   232 | D:1      | Reached XP level 2. HP: 4/11 MP: 3/6
   239 | D:1      | Learned a level 2 spell: Call Imp
   261 | D:1      | Found Nyhauwon's Antique Weapon Shoppe.
   291 | D:1      | Found Zeosuriph's Jewellery Emporium.
   360 | D:1      | Found Ufahyitu's Armour Shoppe.
   608 | D:2      | Noticed Terence
   617 | D:2      | Reached XP level 3. HP: 14/14 MP: 1/8
   698 | D:2      | Learned a level 3 spell: Call Canine Familiar
  1572 | D:3      | Reached XP level 4. HP: 18/18 MP: 4/9
  1583 | D:3      | You fall into a shaft and drop 3 floors!
  1589 | D:6      | Learned a level 3 spell: Summon Guardian Golem
  1613 | D:5      | Entered Level 5 of the Dungeon
  1755 | D:4      | Noticed a phantom
  1787 | D:4      | Killed a phantom
  1788 | D:4      | Reached skill level 5 in Summonings
  1788 | D:4      | Reached XP level 5. HP: 20/21 MP: 5/11
  1872 | D:4      | Noticed Menkaure
  1890 | D:4      | Killed Menkaure
  1995 | D:3      | Found Ammouciu's Antique Weapon Shoppe.
  2021 | D:3      | Gained mutation: You are covered in thick fur. (AC +2)
                  | [Felid growth]
  2021 | D:3      | Reached XP level 6. HP: 22/24 MP: 3/13
  2241 | D:4      | Noticed Ijyb
  2241 | D:4      | Noticed Robin
  2258 | D:4      | HP: 1/24 [Ijyb/puff of flame (9)]
  2262 | D:4      | Killed from afar by Ijyb
  2263 | D:4      | Reached XP level 5. HP: -3/21 MP: 5/12
  2340 | D:4      | Found a staircase to the Ecumenical Temple.
  2347 | Temple   | Entered the Ecumenical Temple
  2374 | Temple   | Became a worshipper of Gozag Ym Sagoz the Greedy
  2480 | D:4      | Killed Robin
  2746 | D:4      | Killed Ijyb
  2919 | D:2      | Killed Terence
  3025 | D:5      | Noticed a yak
  3025 | D:5      | Noticed a yak
  3026 | D:5      | Noticed a yak
  3026 | D:5      | Noticed a yak
  3027 | D:5      | Noticed a yak
  3050 | D:5      | Killed a yak
  3051 | D:5      | Reached XP level 6. HP: 24/24 MP: 5/13
  3052 | D:5      | Killed a yak
  3052 | D:5      | Killed a yak
  3053 | D:5      | Reached skill level 5 in Spellcasting
  3053 | D:5      | Reached skill level 5 in Hexes
  3053 | D:5      | Reached XP level 7. HP: 27/27 MP: 3/16
  3057 | D:5      | Killed a yak
  3108 | D:5      | Killed a yak
  3397 | D:5      | Found a sacrificial altar of Ru.
  3692 | D:6      | Reached XP level 8. HP: 31/31 MP: 13/18
  3993 | D:6      | Noticed Dowan
  3994 | D:6      | Noticed Duvessa
  4004 | D:6      | Killed Duvessa
  4008 | D:6      | Killed Dowan
  4445 | D:6      | Reached skill level 1 in Air Magic
  4616 | D:7      | Noticed Maggie
  4624 | D:7      | Learned a level 4 spell: Summon Lightning Spire
  4644 | D:7      | Killed Maggie
  4645 | D:7      | Reached skill level 1 in Fighting
  4645 | D:7      | Reached XP level 9. HP: 35/35 MP: 18/21
  4884 | D:7      | Found a flagged portal.
  4896 | Bailey   | Entered a bailey
  5123 | Bailey   | Identified the ring "Haacw" {rElec rPois rC- Will+ Str+3}
  5333 | Bailey   | Reached skill level 5 in Dodging
  5729 | D:7      | Identified the ring "Beaser" {rF+ rCorr Str+7 Int-2 Dex-3}
  5815 | D:7      | Found Holuru's Antique Weapon Shop.
  5984 | D:7      | Noticed Pikel
  6007 | D:7      | Killed Pikel
  6008 | D:7      | Reached XP level 10. HP: 42/42 MP: 23/23
  6252 | D:8      | Found a staircase to the Lair.
  6271 | D:8      | Reached skill level 5 in Air Magic
  6374 | D:8      | Found a shimmering altar of Xom.
  6496 | D:8      | Noticed Joseph
  6520 | D:8      | Killed Joseph
  6657 | D:8      | Noticed a manticore
  6671 | D:8      | Killed a manticore
  6677 | D:8      | Noticed a cyclops
  6693 | D:8      | Killed a cyclops
  6814 | D:9      | Noticed Harold
  6815 | D:9      | Noticed Maurice
  6825 | D:9      | Killed Harold
  6829 | D:9      | Killed Maurice
  7024 | D:9      | Found a sparkling altar of Nemelex Xobeh.
  7055 | D:9      | Reached skill level 10 in Summonings
  7135 | D:9      | Reached skill level 5 in Fighting
  7135 | D:9      | Reached XP level 11. HP: 47/47 MP: 9/25
  7219 | D:9      | Noticed a two-headed ogre
  7247 | D:9      | Killed a two-headed ogre
  7312 | D:9      | Noticed Prince Ribbit
  7332 | D:9      | Killed Prince Ribbit
  7561 | Lair:1   | Entered Level 1 of the Lair of Beasts
  7579 | Lair:1   | Identified a scroll of acquirement
  7589 | Lair:1   | Acquired a book of Geomancy
  7594 | Lair:1   | Learned a level 2 spell: Passwall
  7689 | Lair:1   | Reached skill level 1 in Transmutations
  7689 | Lair:1   | Reached skill level 1 in Earth Magic
  7930 | Lair:1   | Reached skill level 1 in Evocations
  8006 | Lair:1   | Slain by a black mamba
  8007 | Lair:1   | Reached XP level 10. HP: -2/44 MP: 14/24
  8165 | Lair:1   | Identified the +3 ring mail of Cheibriados's Reproof {rPois
                  | rC+ Str+6 Int-2}
  8492 | Lair:2   | Noticed a five-headed hydra
  8525 | Lair:2   | Killed a five-headed hydra
  8526 | Lair:2   | Reached skill level 10 in Spellcasting
  8526 | Lair:2   | Reached XP level 11. HP: 48/48 MP: 15/26
  8819 | Lair:2   | Found a staircase to the Swamp.
  8843 | Lair:2   | Reached skill level 5 in Evocations
  9263 | D:1      | Bought a book of Beasts for 380 gold pieces
  9274 | D:1      | Bought a ring of wizardry for 420 gold pieces
  9560 | Lair:2   | Learned a level 5 spell: Summon Mana Viper
  9874 | Lair:3   | Noticed a death yak
  9875 | Lair:3   | Noticed a death yak
  9884 | Lair:3   | Noticed a death yak
  9885 | Lair:3   | Noticed a death yak
  9893 | Lair:3   | Killed a death yak
 10265 | Lair:3   | Reached skill level 10 in Dodging
 10481 | Lair:3   | Noticed a death yak
 10494 | Lair:3   | Gained mutation: Your thick and shaggy fur keeps you warm.
                  | (AC +3, rC+) [Felid growth]
 10494 | Lair:3   | Reached XP level 12. HP: 36/54 MP: 12/27
 10505 | Lair:3   | Killed a death yak
 10511 | Lair:3   | Killed a death yak
 10734 | Lair:3   | Killed a death yak
 10740 | Lair:3   | Killed a death yak
 11131 | D:1      | Bought a book of Vapours for 200 gold pieces
 11136 | D:1      | Learned a level 3 spell: Mephitic Cloud
 11387 | Lair:4   | Noticed a six-headed hydra
 11407 | Lair:3   | Found a hole to the Spider Nest.
 11472 | Lair:3   | Mangled by a six-headed hydra
 11473 | Lair:3   | Reached XP level 11. HP: -12/52 MP: 26/26
 11485 | Lair:3   | Killed a six-headed hydra
 11645 | Lair:4   | Identified the +0 buckler of Melancholy {rCorr}
 11815 | Lair:4   | Noticed a catoblepas
 11877 | Lair:4   | Killed a catoblepas
 12550 | Lair:5   | Entered Level 5 of the Lair of Beasts
 12550 | Lair:5   | Noticed a death yak
 12550 | Lair:5   | Noticed a death yak
 12550 | Lair:5   | Noticed a death yak
 12550 | Lair:5   | Noticed a death yak
 12584 | Lair:5   | Noticed a five-headed hydra
 12591 | Lair:5   | Noticed a seven-headed hydra
 12708 | Lair:5   | Noticed a six-headed hydra
 12815 | Lair:5   | Noticed a lindwurm
 12815 | Lair:5   | Noticed an alligator
 12850 | Lair:5   | Reached XP level 12. HP: 56/56 MP: 10/28
 12857 | Lair:5   | Killed a seven-headed hydra
 12884 | Lair:5   | Reached skill level 10 in Hexes
 12915 | Lair:4   | Slain by a vampire mosquito

Illustrated notes

Levels and vault maps discovered:
D:1:      dpeg_arrival_stone_temple_mockup, layout_basic, serial_shops,
          nicolae_square_shop, nicolae_square_shop, nicolae_shop_stone,
          nicolae_shop_statue_plus, nicolae_square_shop, minmay_pentomino_r2
D:2:      layout_loops_ring, chequers_jeans, uniq_terence
D:3:      layout_loops_ring, serial_shops, shop
D:4:      layout_loops_corners, minmay_temple_entry_offerings,
          nicolae_goblin_pals, uniq_menkaure
D:5:      layout_gridville, nicolae_overflow_crystal_walls,
          minmay_misc_feat_hallway, minivault_1
D:6:      layout_loops_ring, minmay_misc_feat_roman, uniq_duvessa
D:7:      layout_basic, enter_bailey_4, serial_shops,
          nicolae_shop_window_shopping, uniq_maggie, uniq_pikel
D:8:      layout_rooms, mainiacjoe_overflow_cross_hatched, dpeg_oklobed_lair,
          minmay_three_doors, uniq_joseph
D:9:      layout_loops_ring, general_overflow_altar, serial_glass,
          glass_columns_a, glass_columns_b, minmay_strange_pillars,
          minmay_strange_pillars, due_unseen_surprise, item_on_display_a,
          uniq_prince_ribbit1, uniq_maurice, uniq_harold
Temple:   nicolae_temple_bog_church
Lair:1:   layout_regular_city, grunt_megastairs_5
Lair:2:   layout_small_grid, swamp_mist, grunt_megastairs_3
Lair:3:   layout_hall_layers, spider_nest_entry_web_field
Lair:4:   wad_woods_structure_01, layout_gridlike
Lair:5:   minmay_lair_end_frog_pond, layout_cave_shapes, slime_entry_2

Skill      XL: |  1  2  3  4  5  6  7  8  9 10 11 12 |
---------------+-------------------------------------+-----
Spellcasting   | 3 4 5 6 7 8 10 11 | 11.2
Hexes          | 2 4 5 9 10 | 10.0
Summonings     | 5 6 7 8 9 10 | 10.0
Dodging        | 3 5 7 10 11 | 11.7
Air Magic      | 2 4 6 7 |  7.0
Fighting       | 1 3 5 7 8 |  8.8
Transmutations | 3 |  3.0
Earth Magic    | 3 |  3.0
Evocations     | 3 5 |  5.0
Stealth        | |  2.6

Action                     |  1- 3 |  4- 6 |  7- 9 | 10-12 || total
---------------------------+-------+-------+-------+-------++-------
  Melee: Unarmed           |    12 |     2 |    11 |    97 ||   122
         Bite              |     3 |       |     2 |    23 ||    28
         Punch             |       |       |       |     3 ||     3
   Cast: Summon Small Mamm |    44 |    17 |    31 |    31 ||   123
         Call Imp          |    13 |    10 |    16 |    21 ||    60
         Call Canine Famil |     6 |    11 |    20 |    33 ||    70
         Summon Guardian G |       |     8 |    19 |    36 ||    63
         Summon Lightning  |       |       |    20 |    61 ||    81
         Summon Mana Viper |       |       |       |    30 ||    30
         Mephitic Cloud    |       |       |       |     5 ||     5
  Evoke: Wand              |       |       |       |     5 ||     5
    Use: Scroll            |     2 |       |     6 |    17 ||    25
         Potion            |       |       |     2 |     3 ||     5
   Stab: Distracted        |     1 |       |       |     1 ||     2
         Sleeping          |     1 |       |     1 |       ||     2
 Armour: Skin              |     5 |     2 |     4 |     5 ||    16
  Dodge: Dodged            |    71 |    19 |    93 |   206 ||   389
  Block: Other             |       |       |       |    12 ||    12

Table legend: (Time is in decaauts)
 A = Elapsed time spent in this place.
 B = Non-inter-level travel time spent in this place.
 C = Inter-level travel time spent in this place.
 D = Time resting spent in this place.
 E = Time spent auto-exploring this place.
 F = Levels seen in this place.
 G = Mean time per level.
                   A        B        C        D        E       F      G
               +--------+--------+--------+--------+--------+-----+--------+
         Total |  11051 |   8866 |   2185 |    299 |    684 |  16 |  690.7 |
       Dungeon |   6414 |   4945 |   1469 |      0 |    428 |   9 |  712.7 |
        Temple |     30 |     20 |     10 |      0 |      0 |   1 |   30.0 |
          Lair |   3900 |   3195 |    705 |    240 |     47 |   5 |  780.0 |
        Bailey |    706 |    706 |      0 |     59 |    208 |   1 |  706.0 |
               +--------+--------+--------+--------+--------+-----+--------+

Top non-repeatable levels by time:
  Lair:4: 1082 daAuts
  Lair:3: 1004 daAuts
     D:4: 988 daAuts
  Lair:2: 875 daAuts
  Lair:1: 812 daAuts
     D:6: 809 daAuts
     D:7: 770 daAuts
  Bailey: 706 daAuts
     D:5: 699 daAuts
     D:8: 698 daAuts
     D:9: 691 daAuts
     D:2: 681 daAuts
     D:3: 561 daAuts
     D:1: 514 daAuts
  Lair:5: 125 daAuts
